Flyers vs BlueJackets

Created - Wednesday, March 23, 2016 at 02:12

Goals
1 2 3 T
Flyers 2 5 0 7
BlueJackets 1 0 1 2
Shots
1 2 3 T
Flyers 8 9 9 26
BlueJackets 12 8 11 31

1st period

1. Flyers , P.K. Subban 11 (Corey Perry, Mark Giordano) at 0:29
2. Flyers , Jakub Voracek 30 (Evgeni Malkin) at 3:49
3. BlueJackets , Ryan Garbutt 16 (Seth Helgeson, Raphael Diaz) at 4:07

Penalties :
Chris Thorburn (Clb) for Slashing (Minor) at 5:34, Bryan Little (Phi) for Tripping (Minor) at 7:19

2nd period

4. Flyers , Bryan Little 39 (Niklas Kronwall, Kyle Okposo) at 8:51 (PP)
5. Flyers , P.K. Subban 12 (Jakub Voracek, Evgeni Malkin) at 10:06
6. Flyers , Corey Perry 37 (Jakub Voracek, Evgeni Malkin) at 10:26
7. Flyers , Evgeni Malkin 53 (Jakub Voracek) at 13:41 (PP)
8. Flyers , Evgeni Malkin 54 (Taylor Hall) at 17:41 (SH)

Penalties :
Teddy Purcell (Clb) for Cross-checking (Minor) at 3:58, Carl Klingberg (Clb) for Tripping (Minor) at 7:05, Chris Thorburn (Clb) for Fighting (Major) at 11:40, Mark Giordano (Phi) for Fighting (Major) at 11:40, Magnus Paajarvi (Clb) for Interference (Minor) at 13:23, Corey Perry (Phi) for Hooking (Minor) at 15:50, Andrej Meszaros (Clb) for Slashing (Minor) at 18:21

3rd period

9. BlueJackets , Ryane Clowe 16 (Raphael Diaz, Joni Ortio) at 4:36 (PP)

Penalties :
Evgeni Malkin (Phi) for Roughing (Minor) at 3:16, P.K. Subban (Phi) for Tripping (Minor) at 6:08, Chris Kreider (Phi) for Hooking (Minor) at 10:54, Jakub Voracek (Phi) for Roughing (Minor) at 15:45

Goalie Stats

Darcy Kuemper (Phi), 29 saves from 31 shots - (0.935), W, 5-6-1, 60:00 minutes
Joni Ortio (Clb), 11 saves from 16 shots - (0.688), L, 4-28-0, 32:27 minutes
Anders Lindback (Clb), 8 saves from 10 shots - (0.800), 27:33 minutes

Players Stats for Flyers

Player Name              G  A  P  +/- PIM S  H  SB GA TA FO     MP     PP MP  PK MP  
------------------------------------------------------------------------------------
Barret Jackman           0  0  0   0  0   2  1  1  0  0  0/0     7:28   0:00   3:28 
Brent Seabrook           0  0  0   0  0   0  1  1  0  0  0/0    18:05   0:00   2:19 
Bryan Little             1  0  1   0  2   1  2  1  0  0  9/17   23:31   3:03   7:13 
Chris Kreider            0  0  0   0  2   2  1  0  0  0  0/0    12:27   0:00   0:00 
Corey Perry              1  1  2   3  2   4  4  0  1  0  0/1    19:07   4:42   0:00 
Evgeni Malkin            2  3  5   4  2   3  2  1  5  0  23/25  20:55   4:42   1:22 
Gabriel Landeskog        0  0  0   0  0   1  1  1  0  1  1/2    16:02   0:00   8:05 
Jakub Voracek            1  3  4   3  2   4  1  0  2  1  1/1    19:30   4:42   0:00 
Jay McClement            0  0  0   0  0   0  2  0  0  0  5/6     8:29   0:00   1:30 
Justin Faulk             0  0  0   0  0   0  1  2  0  2  0/0    18:41   3:33   0:32 
Kyle Okposo              0  1  1   0  0   0  2  0  2  0  0/0    14:40   3:04   0:00 
Mark Giordano            0  1  1   4  5   1  2  2  0  1  0/0    23:27   3:55   7:02 
Nate Thompson            0  0  0   0  0   1  0  0  0  0  2/4     6:32   0:00   0:00 
Niklas Kronwall          0  1  1   0  0   1  0  0  0  1  0/0    18:47   3:33   3:05 
P.K. Subban              2  0  2   4  2   2  1  1  1  4  0/0    24:34   4:13   5:36 
Riley Nash               0  0  0   0  0   2  1  0  1  1  0/0    11:08   0:00   3:09 
Slava Voynov             0  0  0   0  0   0  0  0  0  1  0/0     9:23   0:18   0:00 
Taylor Hall              0  1  1   1  0   2  1  0  6  0  0/0    15:35   3:04   0:41 

Players Stats for BlueJackets

Player Name              G  A  P  +/- PIM S  H  SB GA TA FO     MP     PP MP  PK MP  
------------------------------------------------------------------------------------
Andrej Meszaros          0  0  0  -2  2   1  7  4  1  6  0/0    28:33   5:58   3:47 
Austin Watson            0  0  0   0  0   2  1  1  1  0  0/4    15:33   1:25   2:32 
Brian Dumoulin           0  0  0   0  0   1  0  1  1  0  0/0    10:56   1:28   0:00 
Carl Klingberg           0  0  0   0  2   0  0  0  0  0  0/0     6:23   0:32   0:00 
Chad Ruhwedel            0  0  0   0  0   1  0  0  0  0  0/0    10:55   0:00   1:10 
Chris Thorburn           0  0  0  -1  7   2  2  0  1  0  0/0    16:29   5:26   0:00 
Drew Shore               0  0  0   0  0   3  0  0  0  0  1/3     5:25   0:32   0:00 
Magnus Paajarvi          0  0  0   0  2   2  1  0  2  0  0/1    21:00   2:06   6:43 
Matt Nieto               0  0  0  -3  0   1  1  0  1  1  0/0    18:07   4:15   0:45 
Nick Shore               0  0  0  -1  0   2  0  2  0  2  8/17   19:25   4:04   0:47 
Patrick Wiercioch        0  0  0  -2  0   4  2  1  1  0  0/0    25:06   5:58   4:57 
Raphael Diaz             0  2  2  -2  0   1  0  1  1  1  0/0    21:39   5:02   2:49 
Ryan Garbutt             1  0  1   0  0   4  1  0  1  0  1/6     5:52   0:00   0:00 
Ryane Clowe              1  0  1  -1  0   6  1  1  6  0  1/1    19:44   6:14   0:45 
Sam Gagner               0  0  0  -3  0   1  3  0  1  0  1/1    17:01   4:15   0:00 
Seth Helgeson            0  1  1  -2  0   0  1  3  0  1  0/0    17:34   3:34   2:49 
Teddy Purcell            0  0  0  -3  2   0  1  0  0  0  3/23   26:15   4:11   4:00 
Trevor van Riemsdyk      0  0  0   0  0   0  0  0  0  1  0/0     5:37   0:00   0:00 

3 Stars

1 - Evgeni Malkin (Phi)
2 - Jakub Voracek (Phi)
3 - P.K. Subban (Phi)

Power Play

Flyers - 2 on 5 Attempt(s) - 40.00%
BlueJackets - 1 on 6 Attempt(s) - 16.67%

Penalty Kill

Flyers - 5 on 6 Attempt(s) - 83.33% - Score 1 goal in Penalty Kill
BlueJackets - 3 on 5 Attempt(s) - 60.00% - Score 0 goal in Penalty Kill

Team Stat

Flyers - Hits : 23 - Faceoff Wins : 41 - Blocked Shots : 10 - Penalty Minutes : 17
BlueJackets - Hits : 21 - Faceoff Wins : 15 - Blocked Shots : 14 - Penalty Minutes : 15

Official

Referees : Unknown
Linesman : Unknown

Game Notes

Drew Shore is injured at 19:04 of 1st period (Abdominal Strain)
Anders Lindback is injured at 7:33 of 2nd period (Bruised Left Shoulder)
Joni Ortio enters game at 7:33 of 2nd period
Chris Thorburn beats up Mark Giordano at 11:40 of 2nd period
Seth Helgeson is injured at 7:13 of 3rd period (Lacerated Right Calf)
Brent Seabrook is injured at 15:12 of 3rd period (Lacerated Right Calf)

Finance

Level 1 -- Attendance: 4503 (75.05%) -- Ticket Income $450,300
Level 2 -- Attendance: 3867 (77.34%) -- Ticket Income $232,020
Level 3 -- Attendance: 1360 (68.00%) -- Ticket Income $47,600
Level 4 -- Attendance: 2951 (73.78%) -- Ticket Income $59,020
Luxury Box -- Attendance: 781 (78.10%) -- Ticket Income $156,200
Game was played at the Nationwide Arena.
Total Attendance: 13462 (74.79%)
Total Ticket Income: $945,140
Other Income: $463,119
Total Income: $1,408,259

Flyers

5 vs 5 Forward 
   Center                   Left Wing                Right Wing               Time % Phy DF OF 
 1 Evgeni Malkin            Jakub Voracek            Corey Perry              40     0   0  5  
 2 Bryan Little             Taylor Hall              Kyle Okposo              35     0   1  4  
 3 Jay McClement            Gabriel Landeskog        Chris Kreider            15     0   4  1  
 4 Nate Thompson            Chris Kreider            Riley Nash               10     0   4  1  

5 vs 5 Defense 
   Defense                  Defense                                           Time % Phy DF OF 
 1 P.K. Subban              Mark Giordano                                     35     0   1  4  
 2 Justin Faulk             Brent Seabrook                                    35     0   2  3  
 3 Niklas Kronwall          Slava Voynov                                      20     0   2  3  
 4 Niklas Kronwall          Barret Jackman                                    10     0   3  2  

PowerPlay Forward 
   Center                   Left Wing                Right Wing               Time % Phy DF OF 
 1 Evgeni Malkin            Jakub Voracek            Corey Perry              60     0   0  5  
 2 Bryan Little             Taylor Hall              Kyle Okposo              40     0   0  5  

PowerPlay Defense
   Defense                  Defense                                           Time % Phy DF OF 
 1 P.K. Subban              Mark Giordano                                     60     0   1  4  
 2 Justin Faulk             Niklas Kronwall                                   40     0   1  4  

Penalty Kill 4 Players Forward 
   Center                   Wing                     Time % Phy DF OF 
 1 Bryan Little             Gabriel Landeskog        60     0   4  1  
 2 Jay McClement            Riley Nash               40     0   5  0  

Penalty Kill 4 Players Defense
   Defense                  Defense                  Time % Phy DF OF 
 1 P.K. Subban              Mark Giordano            60     0   4  1  
 2 Brent Seabrook           Niklas Kronwall          40     0   5  0  

Penalty Kill - 3 Players Forward 
   Forward                                           Time % Phy DF OF 
 1 Bryan Little                                      60     0   5  0  
 2 Jay McClement                                     40     0   5  0  

Penalty Kill - 3 Players Defense
   Defense                  Defense                  Time % Phy DF OF 
 1 P.K. Subban              Mark Giordano            60     0   5  0  
 2 Brent Seabrook           Niklas Kronwall          40     0   5  0  

4 vs 4 Forward 
   Center                   Wing                     Time % Phy DF OF 
 1 Evgeni Malkin            Taylor Hall              60     0   0  5  
 2 Bryan Little             Gabriel Landeskog        40     0   2  3  

4 vs 4 Defense
   Defense                  Defense                  Time % Phy DF OF 
 1 P.K. Subban              Mark Giordano            60     0   0  5  
 2 Justin Faulk             Niklas Kronwall          40     0   2  3  

Last Minutes Offensive
   Center                   Left Wing                Right Wing               Defense                  Defense                  
   Evgeni Malkin            Jakub Voracek            Corey Perry              P.K. Subban              Mark Giordano            

Last Minutes Defensive
   Center                   Left Wing                Right Wing               Defense                  Defense                  
   Bryan Little             Gabriel Landeskog        Corey Perry              P.K. Subban              Mark Giordano            

Goaltenders
Starting : Darcy Kuemper            
Backup : Corey Crawford           

Extra Forwards
Normal : Gabriel Landeskog, Chris Kreider, Riley Nash - PP : Gabriel Landeskog, Chris Kreider - PK : Riley Nash
Extra Defensemen
Normal : Brent Seabrook, Slava Voynov, Barret Jackman - PP : Slava Voynov - PK : Barret Jackman, Justin Faulk
Penalty Shots
Corey Perry, Evgeni Malkin, Kyle Okposo, Jakub Voracek, Brent Seabrook

BlueJackets

5 vs 5 Forward 
   Center                   Left Wing                Right Wing               Time % Phy DF OF 
 1 Teddy Purcell            Sam Gagner               Matt Nieto               35     1   2  2  
 2 Drew Shore               Ryane Clowe              Chris Thorburn           30     1   2  2  
 3 Nick Shore               Magnus Paajarvi          Austin Watson            22     1   2  2  
 4 Ryan Garbutt             Carl Klingberg           Teddy Purcell            13     1   2  2  

5 vs 5 Defense 
   Defense                  Defense                                           Time % Phy DF OF 
 1 Andrej Meszaros          Patrick Wiercioch                                 35     1   2  2  
 2 Raphael Diaz             Seth Helgeson                                     30     1   2  2  
 3 Brian Dumoulin           Chad Ruhwedel                                     22     1   2  2  
 4 Trevor van Riemsdyk      Andrej Meszaros                                   13     1   2  2  

PowerPlay Forward 
   Center                   Left Wing                Right Wing               Time % Phy DF OF 
 1 Teddy Purcell            Sam Gagner               Matt Nieto               60     1   2  2  
 2 Drew Shore               Ryane Clowe              Chris Thorburn           40     1   2  2  

PowerPlay Defense
   Defense                  Defense                                           Time % Phy DF OF 
 1 Andrej Meszaros          Patrick Wiercioch                                 60     1   2  2  
 2 Raphael Diaz             Seth Helgeson                                     40     1   2  2  

Penalty Kill 4 Players Forward 
   Center                   Wing                     Time % Phy DF OF 
 1 Teddy Purcell            Magnus Paajarvi          60     1   2  2  
 2 Matt Nieto               Ryane Clowe              40     1   2  2  

Penalty Kill 4 Players Defense
   Defense                  Defense                  Time % Phy DF OF 
 1 Andrej Meszaros          Patrick Wiercioch        60     1   2  2  
 2 Raphael Diaz             Seth Helgeson            40     1   2  2  

Penalty Kill - 3 Players Forward 
   Forward                                           Time % Phy DF OF 
 1 Matt Nieto                                        60     1   2  2  
 2 Ryane Clowe                                       40     1   2  2  

Penalty Kill - 3 Players Defense
   Defense                  Defense                  Time % Phy DF OF 
 1 Andrej Meszaros          Patrick Wiercioch        60     1   2  2  
 2 Raphael Diaz             Seth Helgeson            40     1   2  2  

4 vs 4 Forward 
   Center                   Wing                     Time % Phy DF OF 
 1 Chris Thorburn           Nick Shore               60     1   2  2  
 2 Matt Nieto               Ryane Clowe              40     1   2  2  

4 vs 4 Defense
   Defense                  Defense                  Time % Phy DF OF 
 1 Andrej Meszaros          Patrick Wiercioch        60     1   2  2  
 2 Raphael Diaz             Seth Helgeson            40     1   2  2  

Last Minutes Offensive
   Center                   Left Wing                Right Wing               Defense                  Defense                  
   Teddy Purcell            Sam Gagner               Matt Nieto               Andrej Meszaros          Patrick Wiercioch        

Last Minutes Defensive
   Center                   Left Wing                Right Wing               Defense                  Defense                  
   Teddy Purcell            Sam Gagner               Matt Nieto               Andrej Meszaros          Patrick Wiercioch        

Goaltenders
Starting : Anders Lindback          
Backup : Joni Ortio               

Extra Forwards
Normal : Nick Shore, Magnus Paajarvi, Austin Watson - PP : Nick Shore, Magnus Paajarvi - PK : Austin Watson
Extra Defensemen
Normal : Brian Dumoulin, Chad Ruhwedel, Trevor van Riemsdyk - PP : Brian Dumoulin - PK : Chad Ruhwedel, Trevor van Riemsdyk
Penalty Shots
Austin Watson, Teddy Purcell, Matt Nieto, Ryane Clowe, Chris Thorburn

% Time on Ice - Flyers

Lines # - Real PCT - Wanted PCT - Time Play
Normal Forward
1 - 39% - 40% - 15:50
2 - 30% - 35% - 12:25
3 - 15% - 15% - 6:11
4 - 16% - 10% - 6:32
Normal Defense
1 - 35% - 35% - 14:11
2 - 39% - 35% - 16:01
3 - 19% - 20% - 7:45
4 - 7% - 10% - 3:01
PP Forward
1 - 61% - 60% - 4:43
2 - 39% - 40% - 3:04
PP Defense
1 - 54% - 60% - 4:13
2 - 46% - 40% - 3:34
PK Forward
1 - 86% - 60% - 9:31
2 - 14% - 40% - 1:30
PK Defense
1 - 72% - 60% - 7:55
2 - 28% - 40% - 3:06
PK3 Forward
1 - 0% - 60%
2 - 0% - 40%
PK3 Defense
1 - 0% - 60%
2 - 0% - 40%
44 Forward
1 - 100% - 60% - 0:14
2 - 0% - 40% - 0:00
44 Defense
1 - 100% - 60% - 0:14
2 - 0% - 40% - 0:00
Last Minute Offensive  - 0:00
Last Minute Defensive  - 0:00
Total
Forward - 60:00
Defense - 60:00

% Time on Ice - BlueJackets

Lines # - Real PCT - Wanted PCT - Time Play
Normal Forward
1 - 32% - 35% - 13:16
2 - 31% - 30% - 12:46
3 - 22% - 22% - 9:04
4 - 14% - 13% - 5:52
Normal Defense
1 - 34% - 35% - 13:57
2 - 34% - 30% - 13:50
3 - 21% - 22% - 8:33
4 - 11% - 13% - 4:38
PP Forward
1 - 43% - 60% - 4:46
2 - 57% - 40% - 6:15
PP Defense
1 - 54% - 60% - 5:58
2 - 46% - 40% - 5:03
PK Forward
1 - 90% - 60% - 7:02
2 - 10% - 40% - 0:45
PK Defense
1 - 64% - 60% - 4:57
2 - 36% - 40% - 2:50
PK3 Forward
1 - 0% - 60%
2 - 0% - 40%
PK3 Defense
1 - 0% - 60%
2 - 0% - 40%
44 Forward
1 - 100% - 60% - 0:14
2 - 0% - 40% - 0:00
44 Defense
1 - 100% - 60% - 0:14
2 - 0% - 40% - 0:00
Last Minute Offensive  - 0:00
Last Minute Defensive  - 0:00
Total
Forward - 60:00
Defense - 60:00

Play by Play

1st period


0:01 of 1st period - Evgeni Malkin wins face-off versus Teddy Purcell in neutral zone.
0:15 of 1st period - Icing by P.K. Subban.
0:16 of 1st period - Evgeni Malkin wins face-off versus Teddy Purcell in Flyers zone.
0:21 of 1st period - Wrist shot by Corey Perry.
0:21 of 1st period - Shot Misses the Net.
0:23 of 1st period - Slapshot by Mark Giordano.
0:23 of 1st period - Deflect By Corey Perry.
0:23 of 1st period - Stopped by Anders Lindback with a rebound.
0:25 of 1st period - Snap shot by Corey Perry.
0:25 of 1st period - Stopped by Anders Lindback with a rebound.
0:27 of 1st period - Slapshot by P.K. Subban.
0:27 of 1st period - Shot Blocked by Andrej Meszaros.
0:29 of 1st period - Slapshot by P.K. Subban.
0:29 of 1st period - Goal by P.K. Subban - Flyers : 1 - BlueJackets : 0.
0:30 of 1st period - Bryan Little wins face-off versus Drew Shore in neutral zone.
0:35 of 1st period - Raphael Diaz is hit by Bryan Little and loses puck.
1:00 of 1st period - Snap shot by Drew Shore.
1:00 of 1st period - Stopped by Darcy Kuemper with a rebound.
1:02 of 1st period - Snap shot by Chris Thorburn.
1:02 of 1st period - Stopped by Darcy Kuemper with a rebound.
1:04 of 1st period - Slapshot by Drew Shore.
1:04 of 1st period - Stopped by Darcy Kuemper with a rebound.
1:06 of 1st period - Slapshot by Seth Helgeson.
1:06 of 1st period - Deflect By Ryane Clowe.
1:06 of 1st period - Stopped by Darcy Kuemper without a rebound.
1:07 of 1st period - Jay McClement wins face-off versus Nick Shore in Flyers zone.
1:21 of 1st period - Wrist shot by Magnus Paajarvi.
1:21 of 1st period - Shot Misses the Net.
1:37 of 1st period - Slapshot by Slava Voynov.
1:37 of 1st period - Shot Blocked by Brian Dumoulin.
1:55 of 1st period - Wrist shot by Jakub Voracek.
1:55 of 1st period - Shot Misses the Net.
2:55 of 1st period - Justin Faulk is hit by Andrej Meszaros.
2:59 of 1st period - Bryan Little is hit by Andrej Meszaros and loses puck.
3:22 of 1st period - Justin Faulk is hit by Andrej Meszaros and loses puck.
3:47 of 1st period - Snap shot by Chris Kreider.
3:47 of 1st period - Deflect By Riley Nash.
3:47 of 1st period - Shot Misses the Net.
3:47 of 1st period - Puck is out of play.
3:48 of 1st period - Evgeni Malkin wins face-off versus Ryan Garbutt in BlueJackets zone.
3:49 of 1st period - Wrist shot by Jakub Voracek.
3:49 of 1st period - Goal by Jakub Voracek - Flyers : 2 - BlueJackets : 0.
3:50 of 1st period - Evgeni Malkin wins face-off versus Teddy Purcell in neutral zone.
4:01 of 1st period - Snap shot by Ryan Garbutt.
4:01 of 1st period - Stopped by Darcy Kuemper with a rebound.
4:03 of 1st period - Slapshot by Seth Helgeson.
4:03 of 1st period - Shot Blocked by Brent Seabrook.
4:05 of 1st period - Slapshot by Seth Helgeson.
4:05 of 1st period - Shot Blocked by Justin Faulk.
4:07 of 1st period - Slapshot by Ryan Garbutt.
4:07 of 1st period - Deflect By Evgeni Malkin.
4:07 of 1st period - Goal by Ryan Garbutt - Flyers : 2 - BlueJackets : 1.
4:08 of 1st period - Evgeni Malkin wins face-off versus Teddy Purcell in neutral zone.
4:21 of 1st period - Wrist shot by Evgeni Malkin.
4:21 of 1st period - Shot Misses the Net.
4:25 of 1st period - Snap shot by Jakub Voracek.
4:25 of 1st period - Stopped by Anders Lindback with a rebound.
4:27 of 1st period - Slapshot by P.K. Subban.
4:27 of 1st period - Shot Blocked by Andrej Meszaros.
4:29 of 1st period - Snap shot by Mark Giordano.
4:29 of 1st period - Shot Misses the Net.
5:24 of 1st period - Wrist shot by Kyle Okposo.
5:24 of 1st period - Shot Misses the Net.
5:34 of 1st period - Minor Penalty to Chris Thorburn for Slashing.
5:35 of 1st period - Evgeni Malkin wins face-off versus Teddy Purcell in BlueJackets zone.
5:52 of 1st period - Snap shot by Corey Perry.
5:52 of 1st period - Shot Misses the Net.
5:54 of 1st period - Backhand shot by Corey Perry.
5:54 of 1st period - Shot Blocked by Seth Helgeson.
5:56 of 1st period - Slapshot by P.K. Subban.
5:56 of 1st period - Shot Blocked by Seth Helgeson.
5:58 of 1st period - Slapshot by P.K. Subban.
5:58 of 1st period - Shot Misses the Net.
6:16 of 1st period - Magnus Paajarvi is hit by Bryan Little and loses puck.
6:45 of 1st period - Wrist shot by Corey Perry.
6:45 of 1st period - Shot Blocked by Andrej Meszaros.
7:19 of 1st period - Minor Penalty to Bryan Little for Tripping.
7:20 of 1st period - Evgeni Malkin wins face-off versus Austin Watson in Flyers zone.
7:20 of 1st period - Evgeni Malkin is hit by Andrej Meszaros.
7:32 of 1st period - Wrist shot by Taylor Hall.
7:32 of 1st period - Shot Misses the Net.
7:34 of 1st period - Penalty to Chris Thorburn is over, Chris Thorburn is back on ice.
8:00 of 1st period - Niklas Kronwall is hit by Andrej Meszaros and loses puck.
8:11 of 1st period - P.K. Subban is hit by Patrick Wiercioch and loses puck.
8:16 of 1st period - Snap shot by Sam Gagner.
8:16 of 1st period - Shot Blocked by P.K. Subban.
9:16 of 1st period - Brent Seabrook is hit by Sam Gagner and loses puck.
9:19 of 1st period - Penalty to Bryan Little is over, Bryan Little is back on ice.
9:33 of 1st period - Snap shot by Magnus Paajarvi.
9:33 of 1st period - Stopped by Darcy Kuemper with a rebound.
10:11 of 1st period - Snap shot by Chris Kreider.
10:11 of 1st period - Stopped by Anders Lindback without a rebound.
10:12 of 1st period - Nate Thompson wins face-off versus Drew Shore in BlueJackets zone.
10:13 of 1st period - Slapshot by P.K. Subban.
10:13 of 1st period - Shot Blocked by Ryane Clowe.
10:15 of 1st period - Wrist shot by Mark Giordano.
10:15 of 1st period - Stopped by Anders Lindback without a rebound.
10:16 of 1st period - Drew Shore wins face-off versus Bryan Little in BlueJackets zone.
10:21 of 1st period - Ryane Clowe is hit by Justin Faulk and loses puck.
11:10 of 1st period - Wrist shot by Riley Nash.
11:10 of 1st period - Shot Misses the Net.
11:12 of 1st period - Wrist shot by Mark Giordano.
11:12 of 1st period - Shot Misses the Net.
11:55 of 1st period - Icing by Niklas Kronwall.
11:56 of 1st period - Evgeni Malkin wins face-off versus Teddy Purcell in Flyers zone.
13:00 of 1st period - Wrist shot by Ryane Clowe.
13:00 of 1st period - Shot Blocked by Bryan Little.
13:02 of 1st period - Slapshot by Raphael Diaz.
13:02 of 1st period - Deflect By Ryane Clowe.
13:02 of 1st period - Stopped by Darcy Kuemper with a rebound.
13:04 of 1st period - Wrist shot by Drew Shore.
13:04 of 1st period - Stopped by Darcy Kuemper with a rebound.
13:06 of 1st period - Wrist shot by Ryane Clowe.
13:06 of 1st period - Stopped by Darcy Kuemper with a rebound.
13:33 of 1st period - Snap shot by Riley Nash.
13:33 of 1st period - Stopped by Anders Lindback without a rebound.
13:34 of 1st period - Nick Shore wins face-off versus Nate Thompson in BlueJackets zone.
14:04 of 1st period - Slapshot by Patrick Wiercioch.
14:04 of 1st period - Shot Misses the Net.
15:41 of 1st period - Ryan Garbutt is hit by Corey Perry and loses puck.
16:30 of 1st period - Taylor Hall is hit by Chris Thorburn and loses puck.
16:55 of 1st period - Wrist shot by Ryan Garbutt.
16:55 of 1st period - Stopped by Darcy Kuemper without a rebound.
16:56 of 1st period - Ryan Garbutt wins face-off versus Nate Thompson in Flyers zone.
16:57 of 1st period - Snap shot by Carl Klingberg.
16:57 of 1st period - Shot Misses the Net.
16:59 of 1st period - Slapshot by Brian Dumoulin.
16:59 of 1st period - Deflect By Niklas Kronwall.
16:59 of 1st period - Stopped by Darcy Kuemper with a rebound.
17:47 of 1st period - Off-side.
17:48 of 1st period - Jay McClement wins face-off versus Teddy Purcell in neutral zone.
18:19 of 1st period - Snap shot by Taylor Hall.
18:19 of 1st period - Shot Blocked by Austin Watson.
18:30 of 1st period - Taylor Hall is hit by Andrej Meszaros and loses puck.
19:03 of 1st period - Drew Shore is hit by Brent Seabrook and loses puck.
19:04 of 1st period - Drew Shore from BlueJackets is injured at 19:04 of 1st period (Abdominal Strain).
19:05 of 1st period - Teddy Purcell wins face-off versus Corey Perry in BlueJackets zone.
Goals for this period are 2 for Flyers vs 1 for BlueJackets.
Shots for this period are 8 for Flyers vs 12 for BlueJackets.

2nd period


0:01 of 2nd period - Evgeni Malkin wins face-off versus Teddy Purcell in neutral zone.
0:04 of 2nd period - Seth Helgeson is hit by Corey Perry and loses puck.
0:29 of 2nd period - Wrist shot by Sam Gagner.
0:29 of 2nd period - Shot Misses the Net.
0:39 of 2nd period - Seth Helgeson is hit by Corey Perry.
0:46 of 2nd period - Icing by Teddy Purcell.
0:47 of 2nd period - Nick Shore wins face-off versus Bryan Little in BlueJackets zone.
1:18 of 2nd period - Slapshot by Patrick Wiercioch.
1:18 of 2nd period - Stopped by Darcy Kuemper without a rebound.
1:19 of 2nd period - Jay McClement wins face-off versus Ryan Garbutt in Flyers zone.
2:21 of 2nd period - Nick Shore is hit by P.K. Subban and loses puck.
2:36 of 2nd period - Austin Watson is hit by Evgeni Malkin and loses puck.
2:53 of 2nd period - Chad Ruhwedel is hit by Kyle Okposo and loses puck.
3:09 of 2nd period - Wrist shot by Chris Thorburn.
3:09 of 2nd period - Stopped by Darcy Kuemper with a rebound.
3:11 of 2nd period - Wrist shot by Chris Thorburn.
3:11 of 2nd period - Shot Misses the Net.
3:43 of 2nd period - Slapshot by Riley Nash.
3:43 of 2nd period - Shot Misses the Net.
3:45 of 2nd period - Snap shot by Chris Kreider.
3:45 of 2nd period - Shot Misses the Net.
3:47 of 2nd period - Slapshot by Nate Thompson.
3:47 of 2nd period - Shot Misses the Net.
3:58 of 2nd period - Minor Penalty to Teddy Purcell for Cross-checking.
3:59 of 2nd period - Evgeni Malkin wins face-off versus Austin Watson in BlueJackets zone.
3:59 of 2nd period - Snap shot by Jakub Voracek.
3:59 of 2nd period - Stopped by Anders Lindback with a rebound.
4:01 of 2nd period - Slapshot by P.K. Subban.
4:01 of 2nd period - Shot Hit the Post.
4:20 of 2nd period - Off-side.
4:21 of 2nd period - Bryan Little wins face-off versus Austin Watson in neutral zone.
5:58 of 2nd period - Penalty to Teddy Purcell is over, Teddy Purcell is back on ice.
6:41 of 2nd period - Off-side.
6:42 of 2nd period - Jay McClement wins face-off versus Ryan Garbutt in neutral zone.
6:47 of 2nd period - Carl Klingberg is hit by Gabriel Landeskog and loses puck.
7:05 of 2nd period - Minor Penalty to Carl Klingberg for Tripping.
7:06 of 2nd period - Evgeni Malkin wins face-off versus Teddy Purcell in BlueJackets zone.
7:33 of 2nd period - Slapshot by Evgeni Malkin.
7:33 of 2nd period - Stopped by Anders Lindback with a rebound.
7:33 of 2nd period - Anders Lindback from BlueJackets is injured at 7:33 of 2nd period (Bruised Left Shoulder).
7:33 of 2nd period - Joni Ortio enters game.
7:34 of 2nd period - Evgeni Malkin wins face-off versus Teddy Purcell in BlueJackets zone.
7:53 of 2nd period - Backhand shot by Corey Perry.
7:53 of 2nd period - Shot Misses the Net.
8:35 of 2nd period - Andrej Meszaros is hit by Kyle Okposo and loses puck.
8:51 of 2nd period - Slapshot by Niklas Kronwall.
8:51 of 2nd period - Deflect By Bryan Little.
8:51 of 2nd period - Goal by Bryan Little - Flyers : 3 - BlueJackets : 1.
8:52 of 2nd period - Jay McClement wins face-off versus Nick Shore in neutral zone.
9:13 of 2nd period - Snap shot by Gabriel Landeskog.
9:13 of 2nd period - Deflect By Chris Kreider.
9:13 of 2nd period - Stopped by Joni Ortio with a rebound.
9:21 of 2nd period - Jay McClement is hit by Seth Helgeson and loses puck.
9:28 of 2nd period - Wrist shot by Ryane Clowe.
9:28 of 2nd period - Shot Misses the Net.
9:43 of 2nd period - Icing by Seth Helgeson.
9:44 of 2nd period - Evgeni Malkin wins face-off versus Teddy Purcell in BlueJackets zone.
9:47 of 2nd period - Snap shot by Evgeni Malkin.
9:47 of 2nd period - Shot Misses the Net.
10:06 of 2nd period - Slapshot by P.K. Subban.
10:06 of 2nd period - Deflect By Sam Gagner.
10:06 of 2nd period - Goal by P.K. Subban - Flyers : 4 - BlueJackets : 1.
10:07 of 2nd period - Evgeni Malkin wins face-off versus Nick Shore in neutral zone.
10:26 of 2nd period - Slapshot by Jakub Voracek.
10:26 of 2nd period - Deflect By Corey Perry.
10:26 of 2nd period - Goal by Corey Perry - Flyers : 5 - BlueJackets : 1.
10:27 of 2nd period - Evgeni Malkin wins face-off versus Nick Shore in neutral zone.
10:40 of 2nd period - Jakub Voracek is hit by Austin Watson and loses puck.
11:15 of 2nd period - Slapshot by Ryane Clowe.
11:15 of 2nd period - Shot Misses the Net.
11:17 of 2nd period - Wrist shot by Chris Thorburn.
11:17 of 2nd period - Shot Blocked by Justin Faulk.
11:19 of 2nd period - Wrist shot by Chad Ruhwedel.
11:19 of 2nd period - Stopped by Darcy Kuemper with a rebound.
11:21 of 2nd period - Slapshot by Austin Watson.
11:21 of 2nd period - Stopped by Darcy Kuemper without a rebound.
11:22 of 2nd period - Bryan Little wins face-off versus Austin Watson in Flyers zone.
11:40 of 2nd period - Chris Thorburn beats up Mark Giordano.
11:40 of 2nd period - Penalty to Chris Thorburn for Fighting.
11:40 of 2nd period - Penalty to Mark Giordano for Fighting.
11:41 of 2nd period - Bryan Little wins face-off versus Teddy Purcell in BlueJackets zone.
11:44 of 2nd period - Snap shot by Kyle Okposo.
11:44 of 2nd period - Shot Misses the Net.
11:58 of 2nd period - Snap shot by Andrej Meszaros.
11:58 of 2nd period - Stopped by Darcy Kuemper with a rebound.
12:00 of 2nd period - Slapshot by Patrick Wiercioch.
12:00 of 2nd period - Stopped by Darcy Kuemper without a rebound.
12:01 of 2nd period - Bryan Little wins face-off versus Teddy Purcell in Flyers zone.
12:22 of 2nd period - Snap shot by Sam Gagner.
12:22 of 2nd period - Shot Misses the Net.
12:24 of 2nd period - Slapshot by Matt Nieto.
12:24 of 2nd period - Stopped by Darcy Kuemper with a rebound.
12:26 of 2nd period - Wrist shot by Sam Gagner.
12:26 of 2nd period - Stopped by Darcy Kuemper with a rebound.
12:48 of 2nd period - Niklas Kronwall is hit by Magnus Paajarvi and loses puck.
13:11 of 2nd period - Snap shot by Evgeni Malkin.
13:11 of 2nd period - Shot Misses the Net.
13:23 of 2nd period - Minor Penalty to Magnus Paajarvi for Interference.
13:24 of 2nd period - Evgeni Malkin wins face-off versus Teddy Purcell in BlueJackets zone.
13:41 of 2nd period - Wrist shot by Evgeni Malkin.
13:41 of 2nd period - Goal by Evgeni Malkin - Flyers : 6 - BlueJackets : 1.
13:42 of 2nd period - Sam Gagner wins face-off versus Bryan Little in neutral zone.
13:49 of 2nd period - Bryan Little is hit by Matt Nieto.
14:31 of 2nd period - Snap shot by Gabriel Landeskog.
14:31 of 2nd period - Shot Misses the Net.
15:50 of 2nd period - Minor Penalty to Corey Perry for Hooking.
15:51 of 2nd period - Ryane Clowe wins face-off versus Bryan Little in Flyers zone.
16:40 of 2nd period - Penalty to Mark Giordano is over, Mark Giordano is back on ice.
16:58 of 2nd period - Slapshot by Riley Nash.
16:58 of 2nd period - Shot Misses the Net.
17:17 of 2nd period - Icing by Matt Nieto.
17:18 of 2nd period - Evgeni Malkin wins face-off versus Teddy Purcell in BlueJackets zone.
17:41 of 2nd period - Snap shot by Evgeni Malkin.
17:41 of 2nd period - Goal by Evgeni Malkin - Flyers : 7 - BlueJackets : 1.
17:42 of 2nd period - Nick Shore wins face-off versus Gabriel Landeskog in neutral zone.
17:50 of 2nd period - Penalty to Corey Perry is over, Corey Perry is back on ice.
18:02 of 2nd period - Slapshot by Andrej Meszaros.
18:02 of 2nd period - Shot Misses the Net.
18:21 of 2nd period - Minor Penalty to Andrej Meszaros for Slashing.
18:22 of 2nd period - Teddy Purcell wins face-off versus Evgeni Malkin in BlueJackets zone.
18:36 of 2nd period - Seth Helgeson is hit by Evgeni Malkin.
19:13 of 2nd period - Wrist shot by Patrick Wiercioch.
19:13 of 2nd period - Shot Misses the Net.
19:23 of 2nd period - Patrick Wiercioch is hit by Taylor Hall and loses puck.
19:28 of 2nd period - Backhand shot by Taylor Hall.
19:28 of 2nd period - Stopped by Joni Ortio with a rebound.
Goals for this period are 5 for Flyers vs 0 for BlueJackets.
Shots for this period are 9 for Flyers vs 8 for BlueJackets.

3rd period


0:01 of 3rd period - Teddy Purcell wins face-off versus Evgeni Malkin in neutral zone.
0:08 of 3rd period - Snap shot by Patrick Wiercioch.
0:08 of 3rd period - Stopped by Darcy Kuemper without a rebound.
0:09 of 3rd period - Evgeni Malkin wins face-off versus Teddy Purcell in Flyers zone.
0:14 of 3rd period - Teddy Purcell is hit by Corey Perry and loses puck.
0:21 of 3rd period - Penalty to Andrej Meszaros is over, Andrej Meszaros is back on ice.
0:29 of 3rd period - Snap shot by Magnus Paajarvi.
0:29 of 3rd period - Shot Blocked by Mark Giordano.
0:43 of 3rd period - Snap shot by Andrej Meszaros.
0:43 of 3rd period - Shot Blocked by Mark Giordano.
0:45 of 3rd period - Wrist shot by Andrej Meszaros.
0:45 of 3rd period - Shot Misses the Net.
0:47 of 3rd period - Slapshot by Chad Ruhwedel.
0:47 of 3rd period - Shot Blocked by Evgeni Malkin.
0:49 of 3rd period - Slapshot by Patrick Wiercioch.
0:49 of 3rd period - Stopped by Darcy Kuemper without a rebound.
0:50 of 3rd period - Nick Shore wins face-off versus Bryan Little in Flyers zone.
1:07 of 3rd period - Slapshot by Ryane Clowe.
1:07 of 3rd period - Stopped by Darcy Kuemper without a rebound.
1:08 of 3rd period - Bryan Little wins face-off versus Nick Shore in Flyers zone.
1:08 of 3rd period - Bryan Little is hit by Ryane Clowe.
1:23 of 3rd period - Wrist shot by Taylor Hall.
1:23 of 3rd period - Stopped by Joni Ortio with a rebound.
1:51 of 3rd period - Riley Nash is hit by Sam Gagner.
2:05 of 3rd period - Wrist shot by Chris Kreider.
2:05 of 3rd period - Shot Blocked by Raphael Diaz.
2:40 of 3rd period - Off-side.
2:41 of 3rd period - Evgeni Malkin wins face-off versus Nick Shore in neutral zone.
3:16 of 3rd period - Minor Penalty to Evgeni Malkin for Roughing.
3:17 of 3rd period - Bryan Little wins face-off versus Magnus Paajarvi in Flyers zone.
3:48 of 3rd period - Backhand shot by Ryane Clowe.
3:48 of 3rd period - Stopped by Darcy Kuemper without a rebound.
3:49 of 3rd period - Bryan Little wins face-off versus Teddy Purcell in Flyers zone.
4:10 of 3rd period - Snap shot by Matt Nieto.
4:10 of 3rd period - Shot Misses the Net.
4:12 of 3rd period - Slapshot by Raphael Diaz.
4:12 of 3rd period - Deflect By Gabriel Landeskog.
4:12 of 3rd period - Stopped by Darcy Kuemper with a rebound.
4:14 of 3rd period - Wrist shot by Sam Gagner.
4:14 of 3rd period - Shot Misses the Net.
4:16 of 3rd period - Slapshot by Seth Helgeson.
4:16 of 3rd period - Deflect By Sam Gagner.
4:16 of 3rd period - Shot Hit the Post.
4:16 of 3rd period - Puck is out of play.
4:17 of 3rd period - Nick Shore wins face-off versus Bryan Little in Flyers zone.
4:34 of 3rd period - Slapshot by Raphael Diaz.
4:34 of 3rd period - Shot Blocked by Gabriel Landeskog.
4:36 of 3rd period - Wrist shot by Ryane Clowe.
4:36 of 3rd period - Goal by Ryane Clowe - Flyers : 7 - BlueJackets : 2.
4:37 of 3rd period - Evgeni Malkin wins face-off versus Teddy Purcell in neutral zone.
4:40 of 3rd period - Wrist shot by Corey Perry.
4:40 of 3rd period - Shot Misses the Net.
4:42 of 3rd period - Wrist shot by Justin Faulk.
4:42 of 3rd period - Shot Hit the Post.
5:10 of 3rd period - Snap shot by Evgeni Malkin.
5:10 of 3rd period - Shot Hit the Post.
5:46 of 3rd period - Snap shot by Riley Nash.
5:46 of 3rd period - Shot Misses the Net.
5:48 of 3rd period - Slapshot by Chris Kreider.
5:48 of 3rd period - Shot Blocked by Patrick Wiercioch.
5:50 of 3rd period - Wrist shot by Nate Thompson.
5:50 of 3rd period - Stopped by Joni Ortio with a rebound.
6:08 of 3rd period - Minor Penalty to P.K. Subban for Tripping.
6:09 of 3rd period - Gabriel Landeskog wins face-off versus Nick Shore in Flyers zone.
7:11 of 3rd period - Wrist shot by Gabriel Landeskog.
7:11 of 3rd period - Stopped by Joni Ortio with a rebound.
7:13 of 3rd period - Snap shot by Gabriel Landeskog.
7:13 of 3rd period - Shot Blocked by Seth Helgeson.
7:13 of 3rd period - Seth Helgeson from BlueJackets is injured at 7:13 of 3rd period (Lacerated Right Calf).
7:14 of 3rd period - Bryan Little wins face-off versus Teddy Purcell in BlueJackets zone.
8:08 of 3rd period - Penalty to P.K. Subban is over, P.K. Subban is back on ice.
8:19 of 3rd period - Chad Ruhwedel is hit by Barret Jackman.
8:33 of 3rd period - Backhand shot by Riley Nash.
8:33 of 3rd period - Shot Misses the Net.
8:35 of 3rd period - Slapshot by Riley Nash.
8:35 of 3rd period - Stopped by Joni Ortio with a rebound.
8:37 of 3rd period - Snap shot by Riley Nash.
8:37 of 3rd period - Shot Blocked by Nick Shore.
9:05 of 3rd period - Justin Faulk is hit by Ryan Garbutt and loses puck.
9:10 of 3rd period - Snap shot by Ryan Garbutt.
9:10 of 3rd period - Shot Misses the Net.
10:04 of 3rd period - Nate Thompson is hit by Chris Thorburn and loses puck.
10:29 of 3rd period - Icing by Slava Voynov.
10:30 of 3rd period - Nate Thompson wins face-off versus Ryan Garbutt in Flyers zone.
10:54 of 3rd period - Minor Penalty to Chris Kreider for Hooking.
10:55 of 3rd period - Nick Shore wins face-off versus Bryan Little in Flyers zone.
11:02 of 3rd period - Wrist shot by Ryane Clowe.
11:02 of 3rd period - Shot Misses the Net.
12:49 of 3rd period - Raphael Diaz is hit by Riley Nash and loses puck.
12:54 of 3rd period - Penalty to Chris Kreider is over, Chris Kreider is back on ice.
12:56 of 3rd period - Brian Dumoulin is hit by Mark Giordano and loses puck.
13:03 of 3rd period - Ryane Clowe is hit by Jay McClement and loses puck.
13:22 of 3rd period - Snap shot by Ryan Garbutt.
13:22 of 3rd period - Stopped by Darcy Kuemper without a rebound.
13:23 of 3rd period - Evgeni Malkin wins face-off versus Ryan Garbutt in Flyers zone.
13:40 of 3rd period - Snap shot by Jakub Voracek.
13:40 of 3rd period - Stopped by Joni Ortio without a rebound.
13:41 of 3rd period - Jakub Voracek wins face-off versus Nick Shore in BlueJackets zone.
13:44 of 3rd period - Wrist shot by Jakub Voracek.
13:44 of 3rd period - Shot Blocked by Nick Shore.
13:46 of 3rd period - Snap shot by Niklas Kronwall.
13:46 of 3rd period - Deflect By Corey Perry.
13:46 of 3rd period - Stopped by Joni Ortio without a rebound.
13:47 of 3rd period - Evgeni Malkin wins face-off versus Nick Shore in BlueJackets zone.
13:48 of 3rd period - Snap shot by Jakub Voracek.
13:48 of 3rd period - Shot Misses the Net.
13:50 of 3rd period - Snap shot by Niklas Kronwall.
13:50 of 3rd period - Stopped by Joni Ortio with a rebound.
13:52 of 3rd period - Slapshot by Barret Jackman.
13:52 of 3rd period - Shot Blocked by Andrej Meszaros.
13:54 of 3rd period - Slapshot by Barret Jackman.
13:54 of 3rd period - Stopped by Joni Ortio with a rebound.
13:56 of 3rd period - Slapshot by Barret Jackman.
13:56 of 3rd period - Stopped by Joni Ortio with a rebound.
14:06 of 3rd period - Wrist shot by Nick Shore.
14:06 of 3rd period - Stopped by Darcy Kuemper with a rebound.
14:12 of 3rd period - Andrej Meszaros is hit by Jakub Voracek and loses puck.
15:11 of 3rd period - Brent Seabrook is hit by Sam Gagner.
15:12 of 3rd period - Brent Seabrook from Flyers is injured at 15:12 of 3rd period (Lacerated Right Calf).
15:13 of 3rd period - Evgeni Malkin wins face-off versus Teddy Purcell in Flyers zone.
15:13 of 3rd period - Evgeni Malkin is hit by Andrej Meszaros.
15:19 of 3rd period - Matt Nieto is hit by Mark Giordano and loses puck.
15:45 of 3rd period - Minor Penalty to Jakub Voracek for Roughing.
15:46 of 3rd period - Nick Shore wins face-off versus Bryan Little in Flyers zone.
16:42 of 3rd period - Bryan Little is hit by Patrick Wiercioch and loses puck.
16:57 of 3rd period - Raphael Diaz is hit by Jay McClement and loses puck.
17:02 of 3rd period - Wrist shot by Riley Nash.
17:02 of 3rd period - Shot Misses the Net.
17:06 of 3rd period - Wrist shot by Riley Nash.
17:06 of 3rd period - Deflect By Jay McClement.
17:06 of 3rd period - Shot Misses the Net.
17:06 of 3rd period - Puck is out of play.
17:07 of 3rd period - Nick Shore wins face-off versus Jay McClement in BlueJackets zone.
17:45 of 3rd period - Penalty to Jakub Voracek is over, Jakub Voracek is back on ice.
18:00 of 3rd period - Snap shot by Nick Shore.
18:00 of 3rd period - Stopped by Darcy Kuemper with a rebound.
18:02 of 3rd period - Slapshot by Austin Watson.
18:02 of 3rd period - Stopped by Darcy Kuemper with a rebound.
18:08 of 3rd period - Snap shot by Magnus Paajarvi.
18:08 of 3rd period - Stopped by Darcy Kuemper with a rebound.
18:10 of 3rd period - Slapshot by Brian Dumoulin.
18:10 of 3rd period - Shot Blocked by Barret Jackman.
18:38 of 3rd period - Riley Nash is hit by Teddy Purcell and loses puck.
19:11 of 3rd period - Magnus Paajarvi is hit by Chris Kreider and loses puck.
19:40 of 3rd period - Wrist shot by Carl Klingberg.
19:40 of 3rd period - Shot Misses the Net.
Goals for this period are 0 for Flyers vs 1 for BlueJackets.
Shots for this period are 9 for Flyers vs 11 for BlueJackets.